 Dungeon Crawl Stone Soup version 0.25-b1-46-gb8a1ec05df (webtiles) character file.

Game seed: 17270228222847587045

(classic levelgen) 80926 EnegeticOcto the Warrior (level 15, -10/145 HPs)
             Began as a Minotaur Fighter on June 9, 2020.
             Was an Initiate of Gozag.
             Killed from afar by Nikola (27 damage)
             ... with a chain lightning
             ... on level 1 of the Swamp.
             The game lasted 00:15:12 (22000 turns).

EnegeticOcto the Warrior (Minotaur Fighter)        Turns: 22000, Time: 00:15:13

Health: -10/145    AC: 28    Str: 30    XL:     15   Next: 25%
Magic:  20/20      EV: 12    Int:  5    God:    Gozag
Gold:   5658       SH: 18    Dex: 11    Spells: 14/14 levels left

rFire    . . .     SeeInvis .   O - +3 broad axe (flame)
rCold    . . .     Gourm    .   c - +0 kite shield
rNeg     . . .     Faith    .   I - +0 plate armour
rPois    .         Spirit   .   (helmet restricted)
rElec    .         Reflect  +   y - +2 cloak
rCorr    .         Harm     .   B - +0 pair of gloves
MR       +....                  F - +2 pair of boots
Stlth    ..........             x - amulet of reflection
HPRegen  0.34/turn              M - +4 ring of protection
MPRegen  0.17/turn              z - ring "Peutu" {*Slow Str+4 Slay+4 Stlth+}

@: gold aura
A: retaliatory headbutt, horns 2, screaming 1, MP-powered wands
a: Potion Petition, Call Merchant, Bribe Branch, Renounce Religion


You were on level 1 of the Swamp.
You worshipped Gozag.
Gozag was greatly pleased with you.
You were hungry.

You visited 5 branches of the dungeon, and saw 21 of its levels.
You also visited: Gauntlet.

You collected 6258 gold pieces.
You spent 518 gold pieces at shops.
You paid 82 gold pieces to Gozag.

Inventory:

Hand Weapons
 O - a +3 broad axe of flaming (weapon)
Missiles
 E - 3 throwing nets (quivered)
Armour
 c - a +0 kite shield (worn)
 u - +0 ice dragon scales
 y - a +2 cloak (worn)
 B - a +0 pair of gloves (worn)
 C - +0 swamp dragon scales
 F - a +2 pair of boots (worn)
 I - a +0 plate armour (worn)
Jewellery
 i - an uncursed ring of resist corrosion
 r - an uncursed ring of fire
 x - an amulet of reflection (around neck)
 z - the ring "Peutu" (right hand) {*Slow Str+4 Slay+4 Stlth+}
   (You found it on level 10 of the Dungeon)

   [ring of slaying]

   It affects your strength (+4).
   It affects your accuracy and damage with ranged weapons and melee attacks
   (+4).
   It may slow you when you take damage.
   It makes you more stealthy.
 M - a +4 ring of protection (left hand)
Wands
 f - a wand of polymorph (10)
 q - a wand of disintegration (23)
 v - a wand of paralysis (15)
 D - a wand of flame (28) {@v3}
Scrolls
 a - a scroll of fog {unknown}
 g - 7 scrolls of teleportation {@r2}
 h - 2 scrolls of fear
 p - a scroll of blinking {@r3}
 s - 6 scrolls of remove curse {@r6}
 w - 8 scrolls of magic mapping {@r5}
 A - a scroll of identify {@r1}
 H - 2 scrolls of immolation {@r4}
 K - a scroll of vulnerability
Potions
 d - a potion of flight
 j - 8 potions of stabbing {@q5}
 k - 2 potions of might {@q3}
 l - 5 potions of curing {@q1}
 m - a potion of invisibility
 n - 4 potions of haste {@q4}
 o - a potion of lignification {@q7}
 t - a potion of cancellation
 G - a potion of mutation
Miscellaneous
 b - a tin of tremorstones (1/3)
Comestibles
 e - 9 rations


   Skills:
 * Level 16.3 Fighting
 * Level 16.1 Axes
 + Level 12.3 Armour
 + Level 10.1 Dodging
 + Level 12.2 Shields
 + Level 8.7 Evocations


You had 14 spell levels left.
You didn't know any spells.
Your spell library contained the following spells:

 Spells                   Type           Power        Failure   Level  Hunger
 Corona                   Hex            #......      99%         1    ##.....
 Sandblast                Erth           #.....       99%         1    ##.....
 Sting                    Tmut/Pois      #...         99%         1    ##.....
 Passwall                 Tmut/Erth      #.......     100%        2    ###....
 Slow                     Hex            #.......     100%        2    ###....
 Swiftness                Chrm/Air       #.......     100%        2    ###....
 Confusing Touch          Hex            #.......     100%        3    ####...
 Stone Arrow              Conj/Erth      #.....       100%        3    ####...
 Dispel Undead            Necr           #.......     100%        4    #####..
 Passage of Golubria      Tloc           N/A          100%        4    #####..
 Petrify                  Tmut/Erth      #.......     100%        4    #####..
 Alistair's Intoxication  Tmut/Pois      #.......     100%        5    ######.
 Bolt of Magma            Conj/Fire/Erth #.........   100%        5    ######.
 Excruciating Wounds      Chrm/Necr      #.........   100%        5    ######.
 Lee's Rapid Deconstruct  Erth           #.........   100%        5    ######.
 Silence                  Hex/Air        #.........   100%        5    ######.
 Darkness                 Hex            #.........   100%        6    #######
 Eringya's Noxious Bog    Tmut/Pois      #.........   100%        6    #######
 Invisibility             Hex            #.......     100%        6    #######


Dungeon Overview and Level Annotations

Branches:
Dungeon (15/15)            Temple (1/1) D:4            Lair (2/6) D:11
  Swamp (1/4) Lair:2       Spider (0/4) Lair:2          Orc (2/2) D:11
    Elf (0/3) Orc:2        Vaults (0/5) D:13         Depths (0/5) D:15
Gauntlet (visited)

Altars:
Ashenzari
Cheibriados
Dithmenos
Elyvilon
Fedhas
Gozag
Hepliaklqana
Kikubaaqudgha
Makhleb
Nemelex Xobeh
Okawaru
Qazlal
Ru
Sif Muna
Trog
Uskayaw
Vehumet
Wu Jian
Xom
Yredelemnul
Zin
The Shining One

Shops:
D:14 ?   Orc:2 [![[

Portals:
Trove: D:14 (give 4 scrolls of blinking)

Annotations:
D:3 1 runed translucent door, diana's ghost, amateur DsFi
D:5 2 runed translucent doors, harkrass's ghost, novice TrFi
D:10 3 runed translucent doors
D:13 1 exclusion, Blork the orc
D:14 3 runed translucent doors, Jogov's ghost, journeyman DgWz
Swamp:1 Nikola


Innate Abilities, Weirdness & Mutations

You reflexively headbutt those who attack you in melee.
You have a pair of horns on your head.
You occasionally shout uncontrollably at your foes.
You expend magic power (3 MP) to strengthen your wands.


Message History

No target in view!
No target in view!
No target in view!
No target in view!
No target in view!
No target in view!
No target in view!
No target in view!
No target in view!
No target in view!
No target in view!
No target in view!
A tyrant leech comes into view.
A tyrant leech is nearby!
A tyrant leech is nearby!
You see here 19 gold pieces.
You enter the shallow water.
Moving in this stuff is going to be slow.
You open the tyrant leech like a pillowcase!!!
You burn the tyrant leech! Your headbutt misses the tyrant leech.
The tyrant leech is almost dead.
Your unstable footing causes you to fumble your attack.
You block the tyrant leech's attack.
Your unstable footing causes you to fumble your attack.
You block the tyrant leech's attack.
You closely miss the tyrant leech. Your headbutt misses the tyrant leech.
The tyrant leech is almost dead.
Your unstable footing causes you to fumble your attack.
The tyrant leech becomes distracted by the nearby gold, dreaming of imaginary riches.
Your unstable footing causes you to fumble your attack.
Your unstable footing causes you to fumble your attack.
Your unstable footing causes you to fumble your attack.
Your unstable footing causes you to fumble your attack.
Your unstable footing causes you to fumble your attack.
The tyrant leech is no longer distracted by gold.
You block the tyrant leech's attack.
You closely miss the tyrant leech.
The tyrant leech is almost dead.
You block the tyrant leech's attack.
Your unstable footing causes you to fumble your attack.
You slice the tyrant leech!! You burn the tyrant leech.
You kill the tyrant leech!
No target in view!
No target in view!
No target in view!
Nikola the Mad Inventor comes into view.
He is wielding a +3 rapier of electrocution.
Okay, then.
Okay, then.
Evoke which item? (* to show all) (? for menu, Esc to quit)
Okay, then.
You see here 19 gold pieces.
You enter the shallow water.
Moving in this stuff is going to be slow.
Nikola casts a spell at you. The bolt of lightning hits you!!
You see here 15 gold pieces.
Evoke which item? (* to show all) (? for menu, Esc to quit)
The tremorstone explodes into fragments!
The burst of rock shards engulfs Nikola!!
The burst of rock shards engulfs you but does no damage.
The burst of rock shards engulfs Nikola!!
The burst of rock shards engulfs Nikola!
The burst of rock shards engulfs you but does no damage.
You hear an angry buzzing noise.
Evoke which item? (* to show all) (? for menu, Esc to quit)
The tremorstone explodes into fragments!
The burst of rock shards engulfs Nikola! x3
Evoke which item? (* to show all) (? for menu, Esc to quit)
Okay, then.
Okay, then.
You block Nikola's attack.
There is a staircase back to the Lair, spattered with blood here.
You closely miss Nikola.
Nikola is heavily wounded.
You block Nikola's attack.
You feel much better. You block Nikola's attack.
Your shield and plate armour prevent you from hitting Nikola.
You headbutt Nikola.
Nikola is heavily wounded.
You slash Nikola! You burn Nikola.
Nikola is heavily wounded.
Nikola gestures at you while chanting. The zap misses you.
You completely miss Nikola. You headbutt Nikola!
Nikola is heavily wounded.
Nikola gestures wildly while chanting.
You hear a mighty clap of thunder!
The lightning arc hits you!
The lightning arc grounds out.
You hear a roar!
You hear a shout!
You hear a roar!
You slash Nikola! You burn Nikola. You headbutt Nikola!
Nikola is severely wounded.
Nikola casts a spell.
You hear a mighty clap of thunder!
The lightning arc hits you!!!
* * * LOW HITPOINT WARNING * * *
The lightning arc hits Nikola.
The lightning arc hits you!!
* * * LOW HITPOINT WARNING * * *
The lightning arc hits Nikola.
The lightning arc hits you!!
You die...
Your body crumbles into a pile of gold.

.≈≈≈≈ ≈≈≈≈≈ .≈≈≈≈≈
. ♣.≈≈... .≈
♣♣$.≈≈≈.. .≈≈♣♣♣
♣♣♣≈..≈≈≈..
....≈≈♣♣≈$..≈≈≈...
....≈≈.$$...≈≈≈.♣.
.≈≈....@$≈≈.≈≈.♣♣
≈≈≈...@.$≈≈....≈♣
≈≈≈........≈.§≈.♣
≈≈≈.≈.....(♣♣.≈≈..
≈≈≈...≈....♣ ♣....
.....(≈♣≈≈♣♣ ♣♣♣
...≈≈≈♣♣♣♣♣ .♣..≈≈


You could see Nikola.

Vanquished Creatures
  Jorgrun (D:14)
  Kirke (D:14)
  An ironheart preserver (D:13)
  A minotaur (Gauntlet)
  Josephine (D:11)
  5 hydras
  Harold (D:8)
  A catoblepas (D:14)
  3 ogre magi
  18 two-headed ogres
  2 alligators (Swamp:1)
  A death knight (D:15)
  3 centaur warriors
  4 tengu warriors
  An orc high priest (Orc:1)
  An iron troll (Orc:2)
  6 skeletal warriors
  A storm dragon skeleton (D:15)
  A wizard (D:15)
  A deep troll (Orc:2)
  2 unseen horrors
  A phantasmal warrior (D:15)
  2 necromancers
  A deep elf mage (D:13)
  An oklob plant (D:11)
  A fire giant zombie (D:15)
  An orc knight (D:10)
  A stone giant zombie (D:15)
  2 ugly things
  3 manticores
  2 orc sorcerers
  4 cyclopes
  Joseph (D:8)
  A spriggan zombie (D:15)
  2 gargoyles
  2 spiny frogs (Lair:1)
  Maggie (D:7)
  A kobold demonologist (D:15)
  A komodo dragon (Lair:2)
  A guardian mummy (D:15)
  An efreet (D:13)
  A freezing wraith (D:15)
  2 jumping spiders (Lair:2)
  3 meliai (D:14)
  16 trolls
  Prince Ribbit (D:8)
  Grinder (D:6)
  A tyrant leech (Swamp:1)
  5 polar bears (Lair:2)
  4 hornets
  15 slime creatures
  3 bog bodies
  3 hippogriffs
  Sigmund (D:5)
  3 wyverns
  A redback (Lair:2)
  2 spriggans
  4 centaur simulacra
  3 shadows
  A vampire (D:13)
  19 yaks
  Eustachio (D:6)
  4 wraiths (D:11)
  2 hogs (D:14)
  2 basilisks
  7 vampire mosquitoes
  2 hungry ghosts
  4 swamp worms
  Menkaure (D:6)
  A warg (Orc:1)
  An acid dragon (D:12)
  17 orc warriors
  3 ice beasts
  4 sky beasts
  A necrophage (D:7)
  9 black bears
  33 ogres
  2 phantoms (D:4)
  3 wolves (Lair:2)
  2 eyes of draining
  A tengu (shapeshifter) (D:13)
  7 centaurs
  5 crocodiles
  2 big kobolds
  11 bullfrogs
  3 gnoll sergeants (D:11)
  A water moccasin zombie (D:11)
  A water moccasin skeleton (D:7)
  A hornet simulacrum (Gauntlet)
  3 scorpions
  17 killer bees
  9 wights
  3 howler monkeys
  An electric eel (Lair:2)
  3 bullfrog zombies
  A quasit (D:8)
  2 centaur zombies
  7 crimson imps
  10 orc priests
  7 jellies
  4 centaur skeletons
  5 hounds
  2 iguanas
  10 worker ants
  A bullfrog skeleton (D:9)
  Ijyb (D:5)
  17 orc wizards
  A bullfrog simulacrum (Gauntlet)
  2 worker ant zombies
  A hound skeleton (D:4)
  Robin (D:3)
  A howler monkey skeleton (D:7)
  11 adders
  16 gnolls
  3 shadow imps
  6 oozes
  3 worms
  A dart slug (D:1)
  7 leopard geckos
  55 orcs
  2 giant cockroaches
  13 goblins
  6 hobgoblins
  13 jackals
  2 quokkas (D:11)
  A ball python (D:3)
  7 bats
  5 frilled lizards (D:1)
  13 kobolds
  5 rats
  A spectral orc (D:9)
  3 fungi (Lair:2)
  4 plants (D:11)
  A withered plant (D:15)
593 creatures vanquished.

Vanquished Creatures (others)
  A human (D:14)
  A bullfrog zombie (D:11)
  A bullfrog skeleton (D:11)
  A howler monkey skeleton (D:11)
  A worker ant zombie (D:11)
  A demonic plant (Gauntlet)
  A plant (Lair:2)
  A withered plant (D:15)
8 creatures vanquished.

Grand Total: 601 creatures vanquished

Notes
Turn   | Place    | Note
-------+----------+-------------------------------------------
     0 | D:1      | EnegeticOcto the Minotaur Fighter began the quest for the
                  | Orb.
     0 | D:1      | Reached XP level 1. HP: 19/19 MP: 0/0
   216 | D:1      | Reached XP level 2. HP: 22/27 MP: 1/1
   548 | D:1      | Reached XP level 3. HP: 33/33 MP: 2/2
  1339 | D:3      | Reached XP level 4. HP: 34/41 MP: 3/3
  1464 | D:3      | Found a runed translucent door.
  1467 | D:3      | Noticed diana's ghost (amateur DsFi)
  1530 | D:3      | Found a stormy altar of Qazlal.
  2231 | D:3      | Noticed Robin
  2242 | D:3      | Killed Robin
  2667 | D:4      | Reached skill level 5 in Fighting
  2868 | D:4      | Noticed a phantom
  2868 | D:4      | Noticed a phantom
  3134 | D:4      | Found a staircase to the Ecumenical Temple.
  3151 | Temple   | Entered the Ecumenical Temple
  3532 | D:4      | Reached XP level 5. HP: 48/48 MP: 4/4
  3609 | D:4      | Killed a phantom
  3875 | D:4      | Killed a phantom
  3875 | D:4      | Reached skill level 5 in Axes
  3875 | D:4      | Reached XP level 6. HP: 53/57 MP: 5/5
  3930 | D:5      | Entered Level 5 of the Dungeon
  3930 | D:5      | Noticed Sigmund
  3933 | D:5      | Killed Sigmund
  3933 | D:5      | Reached skill level 5 in Armour
  3933 | D:5      | Reached skill level 5 in Shields
  3956 | D:5      | Noticed Ijyb
  3957 | D:5      | Found an opulent altar of Gozag.
  3962 | D:5      | Killed Ijyb
  3962 | D:5      | Reached XP level 7. HP: 62/64 MP: 6/6
  3970 | D:5      | Became a worshipper of Gozag Ym Sagoz the Greedy
  4088 | D:5      | Found a blossoming altar of Fedhas.
  4647 | D:5      | Found a shimmering altar of Xom.
  5045 | D:5      | Found a large runed translucent door.
  5046 | D:5      | Found a large runed translucent door.
  5046 | D:5      | Noticed harkrass's ghost (novice TrFi)
  5176 | D:6      | Found a hazy altar of Hepliaklqana.
  5182 | D:6      | Noticed Eustachio
  5215 | D:6      | Killed Eustachio
  5215 | D:6      | Reached skill level 1 in Dodging
  5215 | D:6      | Reached XP level 8. HP: 73/73 MP: 7/7
  5224 | D:6      | Found an ornate altar of the Wu Jian Council.
  5257 | D:6      | Noticed Menkaure
  5270 | D:6      | Killed Menkaure
  5270 | D:6      | Reached skill level 1 in Evocations
  5548 | D:6      | Noticed Grinder
  5562 | D:6      | Killed Grinder
  6363 | D:7      | Noticed Maggie
  6387 | D:7      | Killed Maggie
  6387 | D:7      | Reached XP level 9. HP: 50/82 MP: 9/9
  7065 | D:7      | Found a burning altar of Makhleb.
  7412 | D:8      | Noticed a +0 dagger
  7414 | D:8      | Found a hide-covered altar of Uskayaw.
  7414 | D:8      | Noticed a +0 dagger
  7543 | D:8      | Noticed Joseph
  7545 | D:8      | Noticed Prince Ribbit
  7553 | D:8      | Killed Joseph
  7563 | D:8      | Killed Prince Ribbit
  7994 | D:8      | Noticed Harold
  8008 | D:8      | Killed Harold
  8008 | D:8      | Reached skill level 10 in Fighting
  8008 | D:8      | Reached XP level 10. HP: 93/93 MP: 11/11
  8241 | D:9      | Found a basalt altar of Yredelemnul.
  8269 | D:9      | Noticed a seven-headed hydra
  8280 | D:9      | Killed a ten-headed hydra
  8954 | D:9      | Reached skill level 10 in Axes
  9145 | D:9      | Found an ancient bone altar of Kikubaaqudgha.
  9501 | D:10     | Entered Level 10 of the Dungeon
  9561 | D:10     | Paralysed by a hornet for 3 turns
  9815 | D:10     | Reached skill level 5 in Dodging
 10230 | D:10     | Noticed a necromancer
 10243 | D:10     | Killed a necromancer
 10243 | D:10     | Reached XP level 11. HP: 102/102 MP: 13/13
 10258 | D:10     | Found a runed translucent door.
 10258 | D:10     | Found a runed translucent door.
 10258 | D:10     | Found a runed translucent door.
 10258 | D:10     | Noticed a deep troll earth mage
 10272 | D:10     | Noticed an orc knight
 10277 | D:10     | Noticed a cyan ugly thing
 10301 | D:10     | Killed a cyan ugly thing
 10304 | D:10     | Killed an orc knight
 10334 | D:10     | Got a sparkling glass ring
 10336 | D:10     | Identified the ring "Peutu" {*Slow Str+4 Slay+4 Stlth+}
                  | (You found it on level 10 of the Dungeon)
 11062 | D:10     | Gained mutation: You occasionally shout uncontrollably at
                  | your foes. [potion of mutation]
 11062 | D:10     | Gained mutation: You expend magic power (3 MP) to
                  | strengthen your wands. [potion of mutation]
 11258 | D:11     | Noticed an oklob plant
 11353 | D:11     | Noticed a two-headed ogre
 11354 | D:11     | Found a staircase to the Lair.
 11360 | D:11     | Killed a two-headed ogre
 11370 | D:11     | Killed an oklob plant
 11370 | D:11     | Reached skill level 5 in Evocations
 11526 | D:11     | Noticed Josephine
 11540 | D:11     | Noticed a two-headed ogre
 11544 | D:11     | HP: 3/104 [wraith[Josephine] (6)]
 11545 | D:11     | Killed Josephine
 11554 | D:11     | Killed a two-headed ogre
 11810 | D:11     | Noticed a two-headed ogre
 11824 | D:11     | Killed a two-headed ogre
 12041 | D:11     | Noticed a centaur warrior
 12049 | D:11     | Killed a centaur warrior
 12269 | D:11     | Killed an unseen horror
 12269 | D:11     | Reached XP level 12. HP: 106/113 MP: 15/15
 12398 | D:11     | Noticed a centaur warrior
 12398 | D:11     | Noticed a centaur warrior
 12487 | D:11     | Noticed a tengu warrior
 12499 | D:11     | Killed a tengu warrior
 12588 | D:11     | Found a staircase to the Orcish Mines.
 13166 | D:12     | Noticed a two-headed ogre
 13172 | D:12     | Killed a two-headed ogre
 13421 | D:12     | Noticed an eight-headed hydra
 13434 | D:12     | Killed an eight-headed hydra
 13700 | D:13     | Noticed a tengu warrior
 13702 | D:13     | Noticed a tengu warrior
 13709 | D:13     | Killed a tengu warrior
 13709 | D:13     | Reached skill level 10 in Shields
 13717 | D:13     | Killed a tengu warrior
 13717 | D:13     | Reached skill level 10 in Armour
 13961 | D:13     | Noticed an ironheart preserver
 13962 | D:13     | Noticed a two-headed ogre
 13968 | D:13     | Killed a two-headed ogre
 13975 | D:13     | Killed an ironheart preserver
 14102 | D:13     | Found a gate to the Vaults.
 14128 | D:13     | Reached XP level 13. HP: 123/123 MP: 16/16
 14275 | D:13     | Noticed Blork the orc
 14737 | D:14     | Noticed Kirke
 14751 | D:14     | Killed Kirke
 15104 | D:14     | Found Wouzean's Magic Scroll Shoppe.
 15115 | D:14     | Bought a scroll of enchant weapon for 82 gold pieces
 15115 | D:14     | Bought 2 scrolls of teleportation for 66 gold pieces
 15115 | D:14     | Bought a scroll of magic mapping for 38 gold pieces
 15245 | D:14     | Noticed Jogov's ghost (journeyman DgWz)
 15246 | D:14     | Noticed a blizzard demon
 15246 | D:14     | Noticed a frost giant
 15251 | D:14     | Found a portal to a secret trove of treasure.
 15311 | D:14     | Noticed Jorgrun
 15321 | D:14     | Killed Jorgrun
 16274 | D:14     | Found a runed translucent gate.
 16274 | D:14     | Found a runed translucent gate.
 16274 | D:14     | Found a runed translucent gate.
 16299 | D:14     | Found a sacrificial altar of Ru.
 16390 | D:14     | Reached XP level 14. HP: 133/133 MP: 18/18
 16760 | D:15     | Entered Level 15 of the Dungeon
 16800 | D:15     | Found a gate leading to a gauntlet.
 16807 | D:15     | Reached skill level 15 in Fighting
 16811 | Gauntlet | Entered a Gauntlet
 16811 | Gauntlet | Found a transporter.
 16821 | Gauntlet | Found a transporter.
 16831 | Gauntlet | Found a transporter.
 16839 | Gauntlet | Found a transporter.
 16855 | Gauntlet | Found a transporter.
 16865 | Gauntlet | Found a transporter.
 16868 | Gauntlet | Noticed a reaper
 16875 | Gauntlet | Found a transporter.
 16880 | Gauntlet | Found a transporter.
 16880 | Gauntlet | Found a transporter.
 16908 | Gauntlet | Found a transporter.
 16910 | Gauntlet | Found a transporter.
 16960 | Gauntlet | Found a transporter.
 16970 | Gauntlet | Found a transporter.
 16973 | Gauntlet | Found a transporter.
 17228 | Gauntlet | Got a slimy bone amulet
 17235 | Gauntlet | Identified the amulet of Xoahuaqi {RegenMP *Slow rN+++
                  | Int-4 Dex+6} (You found it in a Gauntlet)
 17294 | Gauntlet | Identified Sif Muna's Guide on Fetching Stolen Souls
 17294 | Gauntlet | Identified the Guide on Venom and the Mountains
 17810 | D:15     | Paralysed by a wizard for 3 turns
 17816 | D:15     | Reached skill level 15 in Axes
 18223 | D:15     | Found a staircase to the Depths.
 18700 | Lair:1   | Entered Level 1 of the Lair of Beasts
 19208 | Lair:2   | Found a hole to the Spider Nest.
 19914 | Lair:2   | Found a staircase to the Swamp.
 20171 | Orc:1    | Entered Level 1 of the Orcish Mines
 20625 | Orc:2    | Entered Level 2 of the Orcish Mines
 20736 | Orc:2    | Found a staircase to the Elven Halls.
 20810 | Orc:2    | Reached XP level 15. HP: 27/144 MP: 20/20
 21213 | Orc:2    | Reached skill level 10 in Dodging
 21214 | Orc:2    | Found Epiytet's Armour Shop.
 21216 | Orc:2    | Found Qitiuwi's Antique Armour Shoppe.
 21230 | Orc:2    | Found Tieloyc's Distillery.
 21233 | Orc:2    | Found Urifruh's Antique Armour Boutique.
 21457 | Orc:2    | Bought a smoking cloak for 332 gold pieces
 21457 | Orc:2    | Identified the +1 cloak "Viaw" {+Fly rF- Str+5 Stlth+} (You
                  | bought it in a shop on level 2 of the Orcish Mines)
 21946 | Swamp:1  | Entered Level 1 of the Swamp
 21989 | Swamp:1  | Noticed Nikola
 22000 | Swamp:1  | Killed from afar by Nikola

Illustrated notes

Levels and vault maps discovered:
D:1:      eino_arrival_tree_alley, layout_rooms
D:2:      layout_basic
D:3:      layout_basic, nicolae_qazlal_eye_of_the_storm,
          ebering_ghost_reflecting_pool, roderic_lattice_a, uniq_robin
D:4:      layout_basic, minmay_temple_entry_glass, first_ration
D:5:      layout_basic, fedhas_bush_and_centaur_altar, grunt_gozag_breadcrumbs,
          marbit_many_paths, ebering_ghost_disaster_area, uniq_sigmund,
          uniq_ijyb
D:6:      layout_basic, grunt_temple_overflow_open, serial_curves,
          eino_curves_04, eino_curves_04, uniq_grinder, uniq_menkaure,
          uniq_eustachio
D:7:      layout_cave_pools, lightli_temple_of_fire, uniq_maggie
D:8:      layout_layer_cave, dancing_weapons_uskayaw, uniq_harold, uniq_joseph,
          uniq_prince_ribbit1
D:9:      layout_basic, overflow_temple_1_default,
          yredelemnul_forgotten_temple_becter, hangedman_little_slice_of_home
D:10:     minmay_the_grid_triangle_9x9_rhombus_thin
          [minmay_the_grid_triangle_9x9_warning,
          minmay_the_grid_triangle_9x9_prize_top_heavy,
          minmay_the_grid_triangle_9x9_wacky_v,
          minmay_the_grid_triangle_9x9_fully_insulated_deathbox],
          layout_loops_corners
D:11:     minmay_blocky_corners, layout_small_grid, dpeg_oklobed_lair,
          kennysheep_orc_monster_closet_entryway, minivault_12, uniq_josephine
D:12:     layout_roguey
D:13:     layout_long_grid, skrybe_vaults_entry_preservation, tgw_sif
D:14:     layout_loops_cross, enter_trove_0, gammafunk_ghost_icy, serial_shops,
          shop_fountains, nicolae_ru_sacrificial_ziggurat, uniq_kirke,
          uniq_jorgrun
D:15:     gammafunk_depths_entry_grave, layout_basic,
          chequers_serial_rivers_room_b, gauntlet_entry_generic
Temple:   minmay_temple_forest_path
Lair:1:   layout_loops_ring
Lair:2:   beast_lair_carwin_large_3, layout_loops_ring,
          nicolae_swamp_entry_splash_gauntlet, spider_nest_entry_funnel_web,
          nicolae_quartered_pool_medium, grunt_forest_stairs_clearing,
          serial_bayou_shore_a
Swamp:1:  gammafunk_mikee_crab_dinner, layout_basic_swamp,
          wheals_swamp_sinkhole, uniq_nikola, uniq_louise
Orc:1:    layout_caves
Orc:2:    st_orc_open, layout_caves

Skill      XL: |  1  2  3  4  5  6  7  8  9 10 11 12 13 14 15 |
---------------+----------------------------------------------+-----
Fighting       | 4 5 6 7 8 10 11 12 13 14 16 | 16.3
Axes           | 3 4 5 6 8 9 10 12 13 14 15 16 | 16.1
Armour         | 4 5 6 7 8 9 10 11 12 | 12.3
Shields        | 4 5 6 7 8 9 10 11 12 | 12.2
Dodging        | 1 2 4 5 6 7 8 9 10 | 10.1
Evocations     | 2 3 4 5 6 7 8 |  8.7

Action                   |  1- 3 |  4- 6 |  7- 9 | 10-12 | 13-15 || total
-------------------------+-------+-------+-------+-------+-------++-------
Melee: War axe           |    93 |    90 |   265 |   396 |       ||   844
       Headbutt          |    11 |    19 |    52 |   113 |   165 ||   360
       Broad axe         |       |       |       |   109 |   614 ||   723
       Scimitar          |       |       |       |       |     6 ||     6
Throw: Throwing net      |       |       |       |       |     4 ||     4
Invok: Potion Petition   |       |       |       |     1 |       ||     1
Evoke: Wand              |       |       |     1 |     8 |     3 ||    12
       Tin of tremorston |       |       |       |       |     3 ||     3
  Use: Scroll            |       |    11 |     5 |     9 |     9 ||    34
       Potion            |       |       |       |     5 |     3 ||     8
 Stab: Held in net/web   |       |       |     1 |       |     1 ||     2
       Distracted        |       |       |       |     3 |     9 ||    12
       Paralysed         |       |       |       |     4 |     2 ||     6
       Sleeping          |       |       |       |       |     1 ||     1
  Eat: Chunk             |     1 |     5 |       |       |       ||     6
       Ration            |       |     1 |     4 |     6 |     8 ||    19
Armor: Scale mail        |    43 |    24 |    11 |       |       ||    78
       Chain mail        |       |       |   108 |    29 |       ||   137
       Plate armour      |       |       |       |   158 |   214 ||   372
Dodge: Dodged            |    26 |    17 |    61 |   108 |   140 ||   352
Block: Kite shield       |    62 |    56 |   206 |   430 |   442 ||  1196
       Reflection        |       |       |    14 |    22 |    12 ||    48
